AoeStats
← Sardynaluile

MegaRandom

504287904Analyzed
3v3 RM · 26d ago on Sep 4, 2026· 52m 52s· 6 players
Game mode
Random Map
Map size
Normal (6 player)
Population
200
Speed
Normal
Resources
Standard
Victory
Conquest
Starting age
Dark Age
Ending age
Imperial Age
RankedLock teamsTeams togetherTeam positionsShared explorationLock speedFull tech treeHidden civsTurbo modeCheats
Victory
Defeat
🇩🇪 Vikings · Germany
1282
+14
🇺🇸 Maya · United States
1257
+15
🇫🇷 Byzantines · France
1204
+18
🇫🇷 Shu · France
1301
-19
🇫🇷 Persians · France
1301
-18
🇫🇷 Gurjaras · France
1119
-10
Maitre Yoda
9:25 Loom
11:28 Feudal Age
12:10 Double-Bit Axe
17:39 Castle Age
16:24 Scale Barding Armor
16:49 Town Watch
18:36 Bloodlines
22:09 Forging
23:04 Horse Collar
24:14 Heavy Plow
28:29 Wheelbarrow
28:57 Bow Saw
29:16 Bow Saw
29:55 Gold Mining
34:31 Imperial Age
32:19 Hand Cart
33:11 Iron Casting
32:46 Husbandry
33:36 Gold Shaft Mining
34:02 Fletching
35:41 Chain Barding Armor
36:22 Blast Furnace
34:46 Cavalier
37:33 Two-Man Saw
38:03 Plate Barding Armor
37:33 Stone Mining
37:49 Bodkin Arrow
38:45 Light Cavalry
39:16 Savar
40:36 Padded Archer Armor
40:58 Heavy Camel Rider
42:35 Hussar
43:58 Conscription
44:14 Hoardings
44:07 Kamandaran
44:44 Thumb Ring
44:00 Crossbowman
48:32 Padded Archer Armor
50:23 Chemistry
49:44 Ballistics
49:19 Murder Holes
49:35 Masonry
Sardynaluile
2:26 Loom
11:46 Feudal Age
14:06 Double-Bit Axe
21:07 Bloodlines
24:31 Horse Collar
27:17 Castle Age
26:26 Forging
26:21 Scale Barding Armor
26:53 Stone Mining
28:52 Husbandry
31:41 Bow Saw
37:20 Wheelbarrow
40:31 Iron Casting
45:19 Hand Cart
reez
7:03 Loom
10:29 Feudal Age
12:20 Double-Bit Axe
20:08 Castle Age
18:29 Fletching
18:42 Padded Archer Armor
19:54 Gold Mining
20:46 Bodkin Arrow
20:13 Crossbowman
21:16 Leather Archer Armor
23:23 Fishing Lines
25:36 Thumb Ring
28:35 Bow Saw
29:01 Wheelbarrow
28:12 Town Watch
31:35 Ballistics
37:25 Imperial Age
37:33 Arbalester
38:21 Bracer
39:23 Chemistry
40:27 Gold Shaft Mining
47:03 Murder Holes
47:19 Masonry
47:16 Siege Engineers
47:49 Bolt Magazine
51:13 Architecture
Alfeternale
8:57 Loom
11:03 Feudal Age
15:40 Castle Age
14:06 Double-Bit Axe
14:41 Horse Collar
15:49 Gold Mining
16:42 Scale Barding Armor
17:33 Husbandry
18:46 Forging
21:31 Bow Saw
24:34 Wheelbarrow
24:36 Heavy Plow
24:41 Pikeman
29:10 Hand Cart
30:28 Gold Shaft Mining
31:03 Squires
31:42 Iron Casting
34:24 Chain Barding Armor
34:29 Scale Mail Armor
38:06 Imperial Age
36:06 Fletching
36:19 Treadmill Crane
37:17 Chain Mail Armor
37:24 Ballistics
38:08 Heavy Camel Rider
39:24 Plate Barding Armor
39:50 Two-Man Saw
39:21 Crop Rotation
39:14 Conscription
40:01 Chemistry
40:16 Hoardings
39:52 Halberdier
40:46 Elite Cataphract
42:11 Logistica
44:37 Plate Mail Armor
44:05 Murder Holes
46:10 Bodkin Arrow
47:04 Guilds
46:59 Caravan
49:05 Onager
51:03 Bracer
XstyleKinjaz
7:03 Loom
12:12 Feudal Age
16:44 Castle Age
15:46 Double-Bit Axe
15:42 Horse Collar
16:22 Gold Mining
17:23 Fletching
18:14 Bow Saw
18:54 Bodkin Arrow
21:28 Heavy Plow
21:22 Town Watch
23:39 Fishing Lines
28:43 Imperial Age
26:11 Stone Mining
27:25 Gold Shaft Mining
29:58 Bracer
32:12 Two-Man Saw
31:24 Scale Mail Armor
31:35 Forging
32:03 Ballistics
32:48 Chemistry
32:10 Pikeman
32:55 Squires
33:13 Chain Mail Armor
36:32 Plate Mail Armor
36:59 Conscription
37:40 Crop Rotation
39:02 Iron Casting
38:15 Man-at-Arms
38:40 Gambesons
38:43 Arson
39:22 Long Swordsman
40:15 Chieftains
40:35 Two-Handed Swordsman
41:30 Champion
44:32 Capped Ram
46:51 Coinage
46:21 Caravan
46:01 Siege Ram
49:43 Elite Berserk
51:26 Blast Furnace
50:26 Onager
52:45 Hoardings
52:34 Heavy Scorpion
dl_cucga
0:27 Loom
10:50 Feudal Age
15:11 Castle Age
13:30 Double-Bit Axe
14:46 Horse Collar
14:59 Gold Mining
15:04 Fletching
22:29 Bodkin Arrow
24:26 Ballistics
34:53 Imperial Age
32:52 Padded Archer Armor
35:34 Bow Saw
36:37 Chemistry
35:43 Bracer
37:26 Leather Archer Armor
37:10 Fishing Lines
38:19 Wheelbarrow
37:55 Thumb Ring
39:40 Ring Archer Armor
39:30 Hul'che Javelineers
41:14 Squires
42:16 Elite Plumed Archer
44:56 Two-Man Saw
44:02 Heavy Plow
50:59 Caravan
51:29 Masonry
52:10 Conscription
52:50 Arson
Connection lost

Rejoining the realm…

Still unreachable

The connection could not be restored.

Session expired

The server has moved on; the page needs a fresh start.